 Dungeon Crawl Stone Soup version 0.15-a0-1819-g0448553 (webtiles) character file.

474 zercules the Ruffian (level 6, 0/55 HPs)
             Began as a Troll Hunter on July 2, 2014.
             Slain by a wight
             ... wielding a +0 battleaxe
              (11 damage)
             ... on Level 5 of the Dungeon.
             The game lasted 00:16:28 (3639 turns).

zercules the Ruffian (Troll Hunter)                 Turns: 3639, Time: 00:16:29

HP   0/55        AC  5     Str 23      XL: 6   Next: 84%
MP   3/3         EV  6     Int  7      God:
Gold 222         SH 14     Dex 10      Spells:  0 memorised,  5 levels left

rFire  . . .     SeeInvis .       - Unarmed
rCold  . . .     Clarity  .     d - +0 animal skin
rNeg   . . .     rCorr    .     p - +0 large shield
rPois  .         rRot     .     (helmet restricted)
rElec  .         Spirit   .     (no cloak)
SustAb .         Warding  .     (gloves unavailable)
rMut   .         Stasis   .     (boots unavailable)
Gourm  +                        (no amulet)
MR     .....                    (no ring)
                                (no ring)

@: not resistant to hostile enchantments, very unstealthy
A: unfitting armour, claws 3, fast metabolism 3, gourmand, regeneration 2,
saprovore 2, shaggy fur 1, tough skin 2
a: no special abilities


You were on level 5 of the Dungeon.
You were very full.

You visited 1 branch of the dungeon, and saw 5 of its levels.

You collected 222 gold pieces.


Innate Abilities, Weirdness & Mutations

You are too large for most types of armour.
You have claws for hands.
Your metabolism is lightning-fast.
You like to eat raw meat.
You heal very quickly.
You can eat rotten meat.
You are covered in fur (AC +1).
You have very tough skin (AC +2).


   Skills:
 - Level 1.5 Fighting
 - Level 4.2 Throwing
 - Level 1.5 Dodging
 - Level 0.5 Stealth
 + Level 3.3 Shields
 + Level 5.1 Unarmed Combat


You had 5 spell levels left.
You didn't know any spells.

Dungeon Overview and Level Annotations

Branches:
Dungeon (5/15)
 Temple: D:4-7

Altars:

Inventory:

Missiles
 c - 3 throwing nets (quivered)
 s - 4 needles of sleeping
Armour
 d - a +0 animal skin (worn)
 p - a +0 large shield (worn)
 q - a +0 robe
 r - a +0 cloak
 u - a +0 cloak
Comestibles
 a - 4 meat rations
 l - 6 bread rations
 n - 5 fruits
 x - a royal jelly {!e}
 z - a slice of pizza
 B - a beef jerky
Scrolls
 e - 3 scrolls of blinking {unknown}
 h - 3 scrolls of identify {unknown}
 j - a scroll of noise {unknown}
 k - a scroll of amnesia {unknown}
 t - 4 scrolls of teleportation {unknown}
 w - 2 scrolls of remove curse {unknown}
 y - a scroll of enchant weapon {unknown}
 A - a scroll of immolation {unknown}
Jewellery
 f - an uncursed ring of sustain abilities {unknown}
 C - an uncursed ring of stealth {unknown}
Potions
 i - a potion of resistance {unknown}
 m - a potion of brilliance {unknown}
 o - a potion of heal wounds {unknown}
Books
 v - a book of the Warp

. ####.. ##.......
##........ ##.........
##........... ########
###............
#......#####.zc#..........
#......##@zz###.........
#........z### #.....z...
#........## ##........
#........# #.....*#
#........# ##.####
#........# ## #........#
#.......## #......##


You could see a centaur and 4 wights.


Message History

Your shield prevents you from hitting the gnoll.
The gnoll is almost dead.
The gnoll is no longer bleeding.
You block the gnoll's attack.
The gnoll hits you from afar with a spear of flaming!
* * * LOW HITPOINT WARNING * * *
The gnoll burns you.
* * * LOW HITPOINT WARNING * * *
The gnoll hits you with a club.
* * * LOW HITPOINT WARNING * * *
You block the gnoll's attack. The gnoll hits you.
* * * LOW HITPOINT WARNING * * *
Throwing (i - inventory. (,) - cycle):
b - 4 large rocks (quivered)
Aim: a gnoll, wielding a spear of flaming You throw a large rock.
The large rock barely misses the gnoll.
The large rock closely misses the gnoll.
You block the gnoll's attack.
The gnoll hits you from afar with a spear of flaming.
* * * LOW HITPOINT WARNING * * *
The gnoll burns you.
* * * LOW HITPOINT WARNING * * *
Drink which item? (? for menu, Esc to quit)
You feel better. You block the gnoll's attack.
The gnoll hits you from afar with a spear of flaming.
* * * LOW HITPOINT WARNING * * *
The gnoll burns you.
* * * LOW HITPOINT WARNING * * *
Throwing (i - inventory. (,) - cycle):
b - 3 large rocks (quivered)
Aim: a gnoll, wielding a spear of flaming You throw a large rock.
The large rock hits the gnoll!!
You kill the gnoll!
You block the gnoll's attack.
Throwing (i - inventory. (,) - cycle):
b - 2 large rocks (quivered)
Aim: a gnoll, wielding a spear of flaming You throw a large rock.
The large rock closely misses the gnoll.
The large rock hits the gnoll!
You kill the gnoll!
You block the gnoll's attack.
Here: a gnoll, wielding a club A large rock.
There is something else lying underneath.
The floor.
Unknown command.
Unknown command.
Here: a wight, wielding a dire flail and wearing a robe A spear of flaming.
There is something else lying underneath.
The floor, spattered with blood.
Throwing (i - inventory. (,) - cycle):
b - a large rock (quivered)
Aim: a wight, wielding a dire flail and wearing a robe You throw a large rock.
The large rock hits the gnoll.
The gnoll is lightly wounded.
You block the gnoll's attack.
You scratch the gnoll.
The gnoll is moderately wounded.
You block the gnoll's attack.
You closely miss the gnoll.
The gnoll is moderately wounded.
You scratch the gnoll.
The gnoll is heavily wounded.
You block the gnoll's attack.
You scratch the gnoll.
The gnoll is almost dead.
You block the gnoll's attack. The gnoll hits you with a club.
* * * LOW HITPOINT WARNING * * *
You claw the gnoll!
You kill the gnoll!
You barely miss the wight. The wight hits you with a battleaxe!
You die...

Action                   |  1- 3 |  4- 6 || total
-------------------------+-------+-------++-------
Melee: Unarmed           |    91 |   174 ||   265
Throw: Large rock        |    15 |    14 ||    29
  Use: Potion            |       |     2 ||     2
 Stab: Distracted        |       |     1 ||     1

Vault maps used:
D:1:      lemuel_arrival_room
D:2:      uniq_crazy_yiuf_cottage
D:3:      kennysheep_generic_room_6
D:4:      first_bread, kennysheep_generic_room_2
D:5:      nicolae_ossuary_entry_monument

Notes
Turn   | Place    | Note
--------------------------------------------------------------
     0 | D:1      | zercules, the Troll Hunter, began the quest for the Orb.
     0 | D:1      | Reached XP level 1. HP: 19/19 MP: 1/1
   216 | D:1      | Reached XP level 2. HP: 27/27 MP: 1/1
   299 | D:1      | Reached skill level 2 in Unarmed Combat
   803 | D:2      | Reached XP level 3. HP: 33/33 MP: 2/2
   919 | D:2      | Reached skill level 4 in Throwing
  1829 | D:2      | Noticed Crazy Yiuf
  1832 | D:2      | Killed Crazy Yiuf
  1832 | D:2      | Reached skill level 1 in Shields
  1832 | D:2      | Reached XP level 4. HP: 41/41 MP: 2/2
  2019 | D:3      | Reached skill level 3 in Unarmed Combat
  2657 | D:4      | Noticed a hill giant skeleton
  2672 | D:4      | Killed a hill giant skeleton
  2672 | D:4      | Reached skill level 2 in Shields
  2672 | D:4      | Reached skill level 4 in Unarmed Combat
  2672 | D:4      | Reached XP level 5. HP: 21/48 MP: 2/2
  2794 | D:4      | Reached XP level 6. HP: 49/55 MP: 3/3
  3176 | D:4      | Reached skill level 3 in Shields
  3497 | D:5      | Entered Level 5 of the Dungeon
  3562 | D:5      | Reached skill level 5 in Unarmed Combat
  3626 | D:5      | HP: 13/55 [gnoll/club (3)]
  3629 | D:5      | HP: 5/55 [gnoll/spear of flaming (6)]
  3637 | D:5      | HP: 10/55 [gnoll/club (3)]
  3639 | D:5      | Slain by a wight

Vanquished Creatures
  A hill giant skeleton (D:4)
  A scorpion (D:4)
  Crazy Yiuf (D:2)
  A giant frog skeleton (D:4)
  A hound (D:4)
  An iguana (D:4)
  An orc wizard (D:4)
  A worker ant zombie (D:5)
  5 adders
  3 gnolls (D:5)
  A worm (D:2)
  4 orcs
  5 giant cockroaches
  9 hobgoblins
  7 jackals
  11 kobolds
  3 quokkas
  A ball python (D:3)
  16 bats
  A giant gecko (D:3)
  4 giant newts
  11 goblins
  7 rats
96 creatures vanquished.
